[Event "*** Titled Tuesday Blitz"]
[Site "Chess.com"]
[Date "2020.12.01"]
[Round "1"]
[White "Rap_woyska"]
[Black "Shockerlover"]
[Result "1-0"]
[WhiteElo "2463"]
[BlackElo "1873"]
[TimeControl "180+1"]
[EndTime "10:07:18 PST"]
[Termination "Rap_woyska won on time"]

1. c4 Nf6 2. Nf3 g6 3. Nc3 Bg7 4. g3 O-O 5. Bg2 d6 6. d4 Nbd7 7. O-O e5 8. Qc2 exd4 9. Nxd4 Nc5 10. Rd1 Qe7 11. b3 Re8 12. h3 Nfe4 13. Nd5 Qd8 14. b4 Ne6 15. Bb2 Nxd4 16. Bxd4 Nf6 17. Qb2 Re6 18.
c5 c6 19. Nf4 Re8 20. cxd6 Qxd6 21. Bxa7 Qe7 22. Bc5 Qc7 23. Bd4 Qd6 24. a4 Bf5 25.
a5 Qe7 26. Rac1 Nh5 27. g4 Bxd4 28. Rxd4 Nxf4 29. Rxf4 Bd7 30. Rd1 Rad8 31. Rfd4 Be6 32. e3 Bd5 33. Bxd5 Rxd5 34. Rxd5 cxd5 35. Rxd5 1-0

[Event "*** Titled Tuesday Blitz"]
[Site "Chess.com"]
[Date "2020.12.01"]
[Round "1"]
[White "Andrii_Prydun"]
[Black "szabadaba"]
[Result "0-1"]
[WhiteElo "2342"]
[BlackElo "2682"]
[TimeControl "180+1"]
[EndTime "10:07:19 PST"]
[Termination "szabadaba won by resignation"]

1. d4 d5 2. Nc3 Nf6 3. Bf4 a6 4. e3 e6 5. Bd3 b5 6. Nf3 Bb7 7. O-O c5 8. Ne5 Nbd7 9. Bg5 Be7 10. f4 h6 11. Bh4 O-O 12. Qf3 c4 13. Be2 Ne4 14.
Bxe7 Qxe7 15. Nxe4 dxe4 16. Qh5 Nf6 17. Qh4 Nd5 18.
Qxe7 Nxe7 19. Nd7 Rfd8 20. Nc5 Bc6 21. Kf2 Nd5 22. a4 c3 23. b3 Nb4 24. Rfc1 Kf8 25. g4 Ke7 26. h4 Kd6 27. Bf1 g6 28. Bg2 f5 29. Kg3 Rg8 30. g5 hxg5 31. hxg5 Rh8 32.
Kf2 Rh2 33. Kg3 Rah8 34. axb5 Bxb5 35. Nxa6 Nxa6 36. Ra5 Nc7 37. Rca1 R2h4 38. Kf2 Rg4 39. Rh1 Rxh1 40. Bxh1 Rh4 41. Bg2 Rh8 42. Bf1 Bxf1 43. Kxf1 Rh2 44. Ra2 Nd5 45. Ra6+ Kd7 46. Ra7+ Kc6 47.
Ra6+ Kb5 48. Rxe6 Nxe3+ 49. Kg1 Rxc2 50. Rxg6 Rd2 51. Rg8 c2 52. Rc8 Rd1+ 53. Kf2 Ng4+ 54. Ke2 c1=Q 0-1

[Event "*** Titled Tuesday Blitz"]
[Site "Chess.com"]
[Date "2020.12.01"]
[Round "1"]
[White "malakismayil"]
[Black "Borsuk_Konstantin"]
[Result "0-1"]
[WhiteElo "2269"]
[BlackElo "2578"]
[TimeControl "180+1"]
[EndTime "10:07:19 PST"]
[Termination "Borsuk_Konstantin won on time"]

1. e4 e6 2. d4 d5 3. Nd2 Nf6 4.
e5 Nfd7 5. c3 c5 6. Bd3 Nc6 7.
Ne2 b6 8. O-O cxd4 9. cxd4 Nb4 10. Bb1 Ba6 11. Nf3 Qc7 12. a3 Nc6 13. Re1 h6 14. Be3 Na5 15. Ba2 Bc4 16. Rc1 Qb7 17. b3 Bxe2 18. Qxe2 Bxa3 19. Rc2 a6 20. Qd3 Nc6 21.
Bd2 Rc8 22. Bc3 Bb4 23. Bb1 Bxc3 24. Qxc3 Na7 25. Qd3 Ke7 26. Rec1 Nb5 27. h4 Na3 28. Rc3 a5 29. Nd2 Rxc3 30. Rxc3 Rc8 31. Bc2 Rxc3 32. Qxc3 Nb5 33. Qd3 Qc6 34. Nb1 Nxd4 35. Qxd4 Qxc2 36. Nc3 Qxb3 37. h5 Qc4 38. Qd2 a4 39. Qb2 Qb3 40.
Qa1 a3 41. Nb1 Nxe5 42. Nxa3 Nd3 0-1

[Event "*** Titled Tuesday Blitz"]
[Site "Chess.com"]
[Date "2020.12.01"]
[Round "1"]
[White "Deepweb2020"]
[Black "Meri-Arabidze"]
[Result "0-1"]
[WhiteElo "2299"]
[BlackElo "2617"]
[TimeControl "180+1"]
[EndTime "10:07:20 PST"]
[Termination "Meri-Arabidze won by resignation"]

1. d4 d5 2. c4 e6 3. Nf3 Nf6 4. g3 Bb4+ 5. Bd2 Be7 6. Bg2 O-O 7. Qc2 Nbd7 8. h4 c6 9. Ng5 h6 10. Nc3 b6 11. e4 dxe4 12. Ncxe4 Bb7 13. Nxf6+ Nxf6 14. O-O-O Qc8 15. Bc3 g6 16. Rde1 hxg5 17. hxg5 Nh5 18.
f4 c5 19. d5 e5 20. Bxe5 Qg4 21. Qf2 f6 22. gxf6 Bxf6 23. Rh3 Bxe5 24. Rxe5 Rae8 25. Bf3 Qxh3 26. Rg5 Kh7 27. Be4 Rxe4 28. Qc2 Rfe8 29.
b3 Re1+ 30. Kb2 R1e2 31. Ka3 Rxc2 32. d6 Ree2 0-1

[Event "*** Titled Tuesday Blitz"]
[Site "Chess.com"]
[Date "2020.12.01"]
[Round "1"]
[White "MatyChess1"]
[Black "politeplayer"]
[Result "1-0"]
[WhiteElo "2564"]
[BlackElo "2256"]
[TimeControl "180+1"]
[EndTime "10:07:21 PST"]
[Termination "MatyChess1 won by checkmate"]

1. e4 e5 2. Nf3 Nf6 3. Nc3 Bb4 4. Nxe5 O-O 5. Be2 Re8 6. Nd3 Bxc3 7. dxc3 Nxe4 8. O-O d5 9. Re1 Nc6 10. Nf4 Be6 11. Bf1 Qh4 12. g3 Qf6 13. Bg2 Rad8 14.
Be3 g5 15. Nxe6 fxe6 16. Qh5 h6 17. f3 Nd6 18. f4 gxf4 19. Bxf4 Nf7 20. Bxc7 Rd7 21.
Bf4 e5 22. Bd2 e4 23. Rf1 Qg7 24. Be3 Re5 25. Qe2 h5 26. Rf4 Rg5 27. Raf1 Rg6 28. Qxh5 Nce5 29. Rh4 Ng4 30. Bd4 Nfe5 31. Bh3 Nf3+ 32.
Rxf3 exf3 33. Bxg7 f2+ 34. Kf1 Nxh2+ 35. Kxf2 Rf7+ 36.
Kg2 Rgxg7 37. Qh8# 1-0

[Event "*** Titled Tuesday Blitz"]
[Site "Chess.com"]
[Date "2020.12.01"]
[Round "1"]
[White "chessmachine14"]
[Black "shnitez"]
[Result "0-1"]
[WhiteElo "2236"]
[BlackElo "2557"]
[TimeControl "180+1"]
[EndTime "10:07:21 PST"]
[Termination "shnitez won on time"]

1. e4 c5 2. Nf3 e6 3. d4 cxd4 4.
Nxd4 a6 5. Nc3 b5 6. Bd3 Qb6 7. Nb3 Qc7 8. O-O d6 9. Re1 Nd7 10. Nd4 Ngf6 11. Bg5 Be7 12. Nd5 exd5 13. Nf5 Kf8 14.
exd5 Ne5 15. Nxe7 Qxe7 16. Kh1 h6 17. Bh4 Qd8 18. Bf1 g5 19. Bg3 Ng6 20. Bd3 Kg7 21.
Qf3 Bg4 22. Qe3 Re8 23. Qd4 Qd7 24. f3 Bf5 25. h4 Bxd3 26. cxd3 gxh4 27. Bh2 Rxe1+ 28. Rxe1 Re8 29. Rxe8 Qxe8 30. Bxd6 Qd7 31. Bh2 Qxd5 32. Qxd5 Nxd5 33. Bd6 Ngf4 34. d4 Kf6 35. Kg1 Ke6 36. Bf8 Ne2+ 0-1

[Event "*** Titled Tuesday Blitz"]
[Site "Chess.com"]
[Date "2020.12.01"]
[Round "1"]
[White "Chopper1905"]
[Black "renehp"]
[Result "1-0"]
[WhiteElo "2979"]
[BlackElo "2447"]
[TimeControl "180+1"]
[EndTime "10:07:23 PST"]
[Termination "Chopper1905 won on time"]

1. e4 c5 2. Nf3 d6 3. d4 cxd4 4. Nxd4 Nf6 5. Nc3 a6 6. Be3 Ng4 7. Bg5 h6 8. Bc1 Nc6 9. Nxc6 bxc6 10. h3 Nf6 11. Bc4 e6 12. O-O Be7 13. Bb3 O-O 14. Qe2 a5 15. Rd1 Qc7 16. Na4 d5 17. e5 Nd7 18. Bf4 Rb8 19. Rac1 Rb4 20. c4 Ba6 21.
Bd2 Bxc4 22. Bxc4 Rxa4 23. Bb5 Re4 24. Qf1 Nc5 25. Be2 Qxe5 26. Bf3 Qxb2 27. Bxe4 Nxe4 28. Be3 c5 29. Rb1 Qe5 30. Re1 Bd6 31. g3 Qf5 32. Qg2 Nc3 33. Rb6 Rd8 34. Bd2 Ne4 35. Bxa5 c4 36. Rc6 Ra8 37. Bb6 Be7 38. g4 Qf6 39. Re2 1-0

[Event "*** Titled Tuesday Blitz"]
[Site "Chess.com"]
[Date "2020.12.01"]
[Round "1"]
[White "amatatanav"]
[Black "Aleksey_Sorokin"]
[Result "1/2-1/2"]
[WhiteElo "2420"]
[BlackElo "2828"]
[TimeControl "180+1"]
[EndTime "10:07:23 PST"]
[Termination "Game drawn by agreement"]

1. e4 c6 2. Nc3 d5 3. Nf3 dxe4 4. Nxe4 Nf6 5. Qe2 Nxe4 6. Qxe4 Qd5 7. Qf4 Qf5 8. d3 Qxf4 9. Bxf4 Bg4 10. Be2 Nd7 11. h3 Bh5 12. g4 Bg6 13. Nh4 e5 14. Bg3 Be7 15. O-O-O O-O-O 16. Rde1 Bxh4 17. Bxh4 f6 18. Bg3 Rhe8 19. f4 exf4 20. Bxf4 Nc5 21. Bd2 Ne6 22. Bf3 Nd4 23. Bg2 Kd7 24. Kd1 Bf7 25. b3 Bd5 26.
Bxd5 cxd5 27. c3 Nf3 28. Rxe8 Rxe8 29. Rf1 Ne5 30. Kc2 h6 31. Re1 a6 32. Bf4 g5 33. Bxe5 Rxe5 34. Rxe5 fxe5 35. Kd2 Kd6 36. Ke3 b5 37. a3 a5 38. Kf3 Kc5 39. Ke3 Kc6 40. Kf3 Kd6 41. Ke3 Kc5 42. Kf3 b4 43. cxb4+ axb4 44. a4 Kd4 45. Ke2 Kc5 46. Ke3 Kc6 47.
Kf3 Kb6 48. Ke3 Ka5 49. Kf3 Kb6 50. Ke3 Kc6 51. Kf3 Kd6 52. Ke3 Kc7 1/2-1/2

[Event "*** Titled Tuesday Blitz"]
[Site "Chess.com"]
[Date "2020.12.01"]
[Round "1"]
[White "sbouchet"]
[Black "gmcorrales"]
[Result "0-1"]
[WhiteElo "2393"]
[BlackElo "2794"]
[TimeControl "180+1"]
[EndTime "10:07:23 PST"]
[Termination "gmcorrales won by resignation"]

1. e4 c5 2. c3 Nf6 3. e5 Nd5 4. d4 cxd4 5. Nf3 Nc6 6. Bc4 Nb6 7. Bb3 g6 8. cxd4 Bg7 9. O-O O-O 10. Re1 d6 11. e6 fxe6 12. Nc3 Rxf3 13. Qxf3 Nxd4 14. Qd3 Nxb3 15. axb3 e5 16. Be3 a6 17. Bxb6 Qxb6 18. Qc4+ e6 19. Rad1 d5 20. Qa4 Qc6 21. Qa3 Bd7 22.
Qe7 Re8 23. Qg5 e4 24. h4 Rf8 25. h5 gxh5 26. Qxh5 Qb6 27. Qh4 Be8 28. Ne2 Qxb3 29.
Nf4 Bf7 30. Nh5 Bxh5 31. Qxh5 Qxb2 32. Qh3 Qxf2+ 33. Kh1 Qf5 34. Qg3 Kh8 35. Rc1 Be5 36. Qh4 Rf6 37. Rc8+ Kg7 38. Rcc1 Rh6 0-1

[Event "*** Titled Tuesday Blitz"]
[Site "Chess.com"]
[Date "2020.12.01"]
[Round "1"]
[White "kirillshevchenko"]
[Black "pedromartinez91"]
[Result "1-0"]
[WhiteElo "2877"]
[BlackElo "2432"]
[TimeControl "180+1"]
[EndTime "10:07:26 PST"]
[Termination "kirillshevchenko won by checkmate"]

1. e4 e6 2. d4 d5 3. Bd3 dxe4 4.
Bxe4 Nf6 5. Bf3 Nbd7 6. Ne2 Bd6 7.
c4 e5 8. Nbc3 O-O 9. O-O exd4 10. Nxd4 Ne5 11. Be2 Bg4 12. Bf4 Bxe2 13. Qxe2 Ng6 14.
Bxd6 Qxd6 15. Rad1 Rfe8 16. Qf3 Qb4 17. b3 c6 18. Nf5 Re6 19. Ne2 Qa5 20. Ned4 Re5 21. Nd6 Qc7 22. N4f5 Ne8 23. g3 Nxd6 24. Nxd6 Rd8 25.
Nf5 Ree8 26. h4 Ne5 27. Qf4 g6 28. Rxd8 Rxd8 29. Nh6+ Kg7 30. Nxf7 Qxf7 31. Qxe5+ Kg8 32. Qe3 Re8 33. Qxa7 Re2 34. a4 h5 35. a5 Qf3 36. Qb8+ Kg7 37. Qxb7+ Kh6 38. Qb8 Re4 39. Qh8# 1-0

[Event "*** Titled Tuesday Blitz"]
[Site "Chess.com"]
[Date "2020.12.01"]
[Round "1"]
[White "Kaua18"]
[Black "Witik"]
[Result "1-0"]
[WhiteElo "2324"]
[BlackElo "2613"]
[TimeControl "180+1"]
[EndTime "10:07:26 PST"]
[Termination "Kaua18 won by checkmate"]

1. e4 c5 2. Nf3 Nc6 3. d4 cxd4 4.
Nxd4 g6 5. c4 Nf6 6. Nc3 d6 7.
Be2 Nxd4 8. Qxd4 Bg7 9. O-O O-O 10. Qd3 Nd7 11. Be3 Nc5 12. Qc2 f5 13. Rad1 b6 14. b4 f4 15. Bxc5 bxc5 16. bxc5 f3 17. Bxf3 Rxf3 18.
gxf3 Bh3 19. Rfe1 e6 20. Ne2 Qg5+ 21. Ng3 dxc5 22. Qc1 Qh4 23. e5 Rf8 24. Re4 Qe7 25. Qc3 h5 26. Kh1 h4 27. Ne2 Bh6 28. Rg1 Kh7 29.
f4 Qb7 30. f3 Rd8 31. f5 Bxf5 32. Rxh4 Rd3 33. Qc1 Qxf3+ 34. Rg2 g5 35. Rxh6+ Kg8 36. Qxg5+ Kf7 37. Qg7+ Ke8 38. Rh8# 1-0

[Event "*** Titled Tuesday Blitz"]
[Site "Chess.com"]
[Date "2020.12.01"]
[Round "1"]
[White "Sacbutt"]
[Black "LuckSlayeer"]
[Result "0-1"]
[WhiteElo "2267"]
[BlackElo "2576"]
[TimeControl "180+1"]
[EndTime "10:07:26 PST"]
[Termination "LuckSlayeer won on time"]

1. d4 Nf6 2. c4 e6 3. Nf3 c5 4.
d5 d6 5. Nc3 exd5 6. cxd5 g6 7.
e4 Bg7 8. Be2 O-O 9. O-O Bg4 10.
a4 Bxf3 11. Bxf3 a6 12. Qc2 Nbd7 13. Bf4 Qe7 14. Rfe1 h5 15. h3 Nh7 16. Qd2 Qf6 17.
a5 g5 18. Bh2 Qg6 19. Ra3 Ne5 20. Be2 g4 21. hxg4 hxg4 22. Bf1 Ng5 23. Bxe5 Bxe5 24. Be2 Nf3+ 25. Bxf3 gxf3 26. g3 f5 27. exf5 Rxf5 28. Ne4 Qh5 29. Ree3 Raf8 30. Qd1 Bd4 31. Red3 Qg4 32.
Rab3 Qxe4 33. Rxd4 Qxd4 34. Qxd4 cxd4 0-1

[Event "*** Titled Tuesday Blitz"]
[Site "Chess.com"]
[Date "2020.12.01"]
[Round "1"]
[White "fyall777"]
[Black "awesomevishesh"]
[Result "1-0"]
[WhiteElo "2271"]
[BlackElo "2547"]
[TimeControl "180+1"]
[EndTime "10:07:26 PST"]
[Termination "fyall777 won on time"]

1. e4 c5 2. Nf3 d6 3. d4 cxd4 4. Nxd4 Nf6 5. Nc3 a6 6. f3 e5 7. Nb3 Be6 8. Be3 h5 9. Qd2 Nbd7 10.
O-O-O Be7 11. Kb1 Rc8 12. h4 b5 13. Bg5 Qc7 14. Bxb5 axb5 15. Nxb5 Qb6 16. Nxd6+ Bxd6 17. Qxd6 Qxd6 18. Rxd6 Ke7 19. Rhd1 Rc7 20. g3 Rhc8 21. R1d2 Kf8 22. Nc1 Ne8 23. R6d3 f6 24. Be3 Ke7 25. b3 Rc3 26. Ne2 Rxd3 27. Rxd3 Nd6 28. c4 Rb8 29. Kc1 Nxc4 30. bxc4 Bxc4 31. Rd2 Ra8 32. Nc3 Ke6 33. a4 Rb8 34. a5 Rb3 35. Kc2 Ra3 36. Bb6 Rb3 37.
Nd5 Ra3 38. Nc7+ Ke7 39. Nd5+ Ke6 40. Kb2 Rb3+ 41. Ka1 Ra3+ 42. Kb1 Rb3+ 43. Rb2 Rxf3 44. Nc7+ Ke7 45. Rb4 Bd3+ 46. Kc1 Rf2 47. Bxf2 1-0

[Event "*** Titled Tuesday Blitz"]
[Site "Chess.com"]
[Date "2020.12.01"]
[Round "1"]
[White "Semetey"]
[Black "ViktoriyaTarasova"]
[Result "1-0"]
[WhiteElo "2619"]
[BlackElo "2300"]
[TimeControl "180+1"]
[EndTime "10:07:27 PST"]
[Termination "Semetey won by resignation"]

1. Nf3 Nf6 2. e3 e6 3. c4 b6 4. Nc3 Bb7 5. b3 d5 6. Bb2 Nbd7 7. d4 Bd6 8. cxd5 exd5 9. Bd3 O-O 10. O-O a6 11.
Rc1 Qe7 12. Ne2 Rfe8 13. Ng3 g6 14. Rc2 Ne4 15. Qa1 f5 16. Ne5 Rac8 17. f4 Nxg3 18. hxg3 Nf6 19. Qe1 Qe6 20. Qe2 Ne4 21. Kh2 Ra8 22.
Bxe4 fxe4 23. g4 Rf8 24. Rh1 Bxe5 25. dxe5 Rf7 26. Kg3 c5 27. Rh6 Qe7 28. Rc1 Raf8 29. Rch1 d4 30. exd4 Rxf4 31. Rxh7 Qxh7 32. Rxh7 Kxh7 33.
Bc1 e3 34. Qxe3 Re4 35. Qh6+ Kg8 36. Qxg6+ Kh8 37. Bg5 Bc8 38. Bf6+ Rxf6 39. Qxf6+ Kg8 40. Qg6+ 1-0

[Event "*** Titled Tuesday Blitz"]
[Site "Chess.com"]
[Date "2020.12.01"]
[Round "1"]
[White "ChristopherYoo"]
[Black "Alomaterapia"]
[Result "1-0"]
[WhiteElo "2872"]
[BlackElo "2430"]
[TimeControl "180+1"]
[EndTime "10:07:28 PST"]
[Termination "ChristopherYoo won by checkmate"]

1. e4 e5 2. Nf3 Nc6 3. Bb5 a6 4. Ba4 Nf6 5. d4 exd4 6. O-O Be7 7. e5 Ne4 8. Nxd4 O-O 9. Re1 Nc5 10. Bxc6 dxc6 11. Nc3 Ne6 12. Nf5 Bc5 13. Qg4 g6 14. Ne4 Nd4 15. Nf6+ Qxf6 16. exf6 Bxf5 17. Qh4 Rfe8 18.
Be3 Re4 19. Qg3 Bd6 20. Qg5 Ne6 21. Qh6 Bf8 22. f3 Rc4 23. b3 Rxc2 24. Qh4 Rd8 25. Rac1 Rxc1 26. Bxc1 h5 27. g4 Rd4 28. h3 Bc5 29. Be3 hxg4 30. hxg4 g5 31. Qh6 Bg6 32.
Bxd4 Bxd4+ 33. Kh2 Bxf6 34. Rxe6 Bg7 35. Re8+ Bf8 36. Rxf8# 1-0

[Event "*** Titled Tuesday Blitz"]
[Site "Chess.com"]
[Date "2020.12.01"]
[Round "1"]
[White "BillCoe"]
[Black "Angel_Hranitel_37"]
[Result "0-1"]
[WhiteElo "2019"]
[BlackElo "2474"]
[TimeControl "180+1"]
[EndTime "10:07:28 PST"]
[Termination "Angel_Hranitel_37 won on time"]

1. e4 c5 2. Nf3 e6 3. d4 cxd4 4. Nxd4 Nf6 5. Bd3 Nc6 6. Nb5 d5 7. exd5 exd5 8. O-O Be7 9. Re1 O-O 10. Nd2 a6 11. Nc3 b5 12. h3 Nb4 13. Bf1 Bf5 14. Re5 Bg6 15. Nf3 Nxc2 16. Nxd5 Nxa1 17. Nxe7+ Kh8 18.
Nxg6+ fxg6 19. Bd2 Nh5 20. Qxa1 Rxf3 21. gxf3 Qxd2 22.
Qe1 Qd8 23. Re7 Nf6 24. Qe5 Qd2 25. Qe2 Qg5+ 26. Bg2 Rg8 27. Re5 Qc1+ 28. Kh2 Nh5 29. Qe3 Qc7 30. f4 g5 31. fxg5 Qf7 32. f4 Nxf4 33. Be4 Rc8 0-1

[Event "*** Titled Tuesday Blitz"]
[Site "Chess.com"]
[Date "2020.12.01"]
[Round "1"]
[White "Fandorine"]
[Black "Qvalda"]
[Result "0-1"]
[WhiteElo "2846"]
[BlackElo "2446"]
[TimeControl "180+1"]
[EndTime "10:07:30 PST"]
[Termination "Qvalda won by resignation"]

1. c4 e5 2. g3 Nf6 3. Bg2 h6 4. Nc3 Bb4 5. e4 Bxc3 6. dxc3 d6 7. f3 O-O 8. Nh3 Be6 9. b3 a6 10. a4 Qd7 11. Nf2 Nc6 12. Be3 b5 13. axb5 axb5 14. Rxa8 Rxa8 15. cxb5 Na5 16. c4 Nxc4 17. bxc4 Bxc4 18.
Bf1 Qxb5 19. Bxc4 Qxc4 20. Qe2 Ra1+ 21. Nd1 Qb4+ 22. Qd2 Qc4 23. Qe2 Qb4+ 24. Bd2 Qc5 25. Qd3 d5 26. exd5 Nxd5 27. Ke2 Ra2 28. Nf2 Nb4 29. Qd8+ Kh7 30. Rd1 g6 31. Ne4 Qc4+ 32.
Kf2 Nd3+ 33. Kg1 Qc2 34. Nf6+ Kg7 35. Bxh6+ Kxh6 36. Qh8+ Kg5 37. h4+ Kf5 38. g4+ Kf4 39. Nd5+ Kg3 0-1

[Event "*** Titled Tuesday Blitz"]
[Site "Chess.com"]
[Date "2020.12.01"]
[Round "1"]
[White "CM_rui"]
[Black "StephenDedalus83"]
[Result "0-1"]
[WhiteElo "2360"]
[BlackElo "2710"]
[TimeControl "180+1"]
[EndTime "10:07:30 PST"]
[Termination "StephenDedalus83 won by checkmate"]

1. e4 c5 2. Nf3 Nc6 3. c4 e5 4. Nc3 g6 5. d3 Bg7 6. Be2 d6 7. O-O Nge7 8. a3 O-O 9. Rb1 a5 10. Bd2 f5 11. Re1 h6 12. Bf1 f4 13. Nd5 a4 14. b4 axb3 15. Qxb3 Nxd5 16. cxd5 Ne7 17. a4 g5 18. h3 Ng6 19. a5 h5 20. Qb6 Bf6 21. Nh2 Kg7 22. Be2 Rh8 23. f3 Qd7 24. Bd1 Bd8 25. Qb5 Qe7 26. Bc3 Nf8 27. Ba4 Nd7 28. Nf1 Nf6 29. Nd2 g4 30. Nc4 gxh3 31. gxh3 Nh7 32. Kf2 Qh4+ 33. Ke2 Ra6 34. Rg1+ Kh6 35.
Nxd6 Rxd6 36. Bxe5 Rf6 37. Qxc5 Bxh3 38. Bxf6 Qxf6 39. Rxb7 Ng5 40. d6 Ne6 41. Qd5 Nd4+ 42. Kd1 Be6 43. Qc5 Nxf3 44. Rh1 Qa1+ 45. Qc1 Qxa4+ 46.
Ke2 Nd4+ 47. Kf2 Bg5 48. Rxh5+ Kxh5 49. Qh1+ Bh4+ 50. Kg2 Qc2+ 51. Kf1 Qf2# 0-1

[Event "*** Titled Tuesday Blitz"]
[Site "Chess.com"]
[Date "2020.12.01"]
[Round "1"]
[White "ajedrezsinlimites"]
[Black "Twitch_ElhamBlitz05"]
[Result "1-0"]
[WhiteElo "2435"]
[BlackElo "2786"]
[TimeControl "180+1"]
[EndTime "10:07:31 PST"]
[Termination "ajedrezsinlimites won on time"]

1. e4 c6 2. d4 d5 3. exd5 cxd5 4. Bd3 Nf6 5. c3 g6 6. Bf4 Bg7 7. Nf3 O-O 8. h3 Nc6 9. Nbd2 a6 10. Qe2 Bd7 11.
g4 Rc8 12. Ne5 Nxe5 13. dxe5 Ne8 14. h4 Qb6 15. Nb3 a5 16. Nd4 Nc7 17. h5 Ne6 18. Be3 Nc5 19. Bb5 Bxb5 20. Nxb5 d4 21. Bxd4 Qc6 22.
O-O Ne6 23. Na7 Nf4 24. Nxc6 Nxe2+ 25. Kg2 Rxc6 26. f4 Nxd4 27. cxd4 Rc2+ 28. Rf2 Rfc8 29. Rf1 e6 30. hxg6 hxg6 31. Kf3 Bf8 32. Ke4 a4 33. f5 Rxf2 34. Rxf2 gxf5+ 35. gxf5 Rc1 36. fxe6 fxe6 37. Rf6 Rc2 38. Rxe6 Rxb2 39. d5 Rxa2 40. Rb6 Re2+ 41. Kf5 a3 42. Rxb7 Bg7 43. e6 Re5+ 44. Kg6 Bf8 45. Rb8 a2 46. Ra8 1-0

[Event "*** Titled Tuesday Blitz"]
[Site "Chess.com"]
[Date "2020.12.01"]
[Round "1"]
[White "serhanberat_ozdemir"]
[Black "1977Ivan"]
[Result "0-1"]
[WhiteElo "2340"]
[BlackElo "2679"]
[TimeControl "180+1"]
[EndTime "10:07:31 PST"]
[Termination "1977Ivan won on time"]

1. e4 c6 2. d4 d5 3. exd5 cxd5 4.
c4 Nf6 5. Nc3 g6 6. cxd5 Nxd5 7.
Bc4 Nb6 8. Bb3 Bg7 9. Nf3 O-O 10. h3 Nc6 11. Be3 Na5 12. Bc2 Nac4 13. Rb1 Bd7 14. O-O Rc8 15. Bb3 Bc6 16. Qe2 Bxf3 17. Qxf3 Qd7 18. Rfd1 Nxb2 19. Rxb2 Rxc3 20. Rbd2 Nc4 21. Rd3 Rxd3 22. Rxd3 b5 23. Rd1 Rc8 24. d5 a5 25. Bd4 Bxd4 26. Rxd4 Nd6 27. h4 a4 28. Bd1 Nf5 29. Rf4 Rc1 30. Kh2 Qd6 31.
g3 e5 32. Rg4 Nd4 33. Rxd4 exd4 34. Be2 Rc5 35. Qe4 Rxd5 36. Qe8+ Kg7 37. h5 gxh5 0-1

[Event "*** Titled Tuesday Blitz"]
[Site "Chess.com"]
[Date "2020.12.01"]
[Round "1"]
[White "Trickov"]
[Black "GianmarcoVaR"]
[Result "1-0"]
[WhiteElo "2351"]
[BlackElo "2655"]
[TimeControl "180+1"]
[EndTime "10:07:31 PST"]
[Termination "Trickov won on time"]

1. d4 Nf6 2. Nf3 g6 3. g3 Bg7 4.
Bg2 O-O 5. O-O b6 6. Ne5 c6 7. c4 Bb7 8. Nc3 d6 9. Nd3 Nbd7 10. e4 e5 11. d5 Rc8 12. Be3 a6 13. dxc6 Bxc6 14. Rc1 b5 15. cxb5 axb5 16. Qb3 Qa5 17. Nb4 Bb7 18. Nbd5 Nxd5 19. Nxd5 Bf6 20. Bh3 Bxd5 21. Qxd5 Rxc1 22. Rxc1 Nc5 23. a3 Qa4 24.
Bxc5 dxc5 25. Rxc5 Rd8 26. Rc8 Rxc8 27. Bxc8 Qc2 28.
Ba6 Be7 29. b4 Qc1+ 30. Kg2 Qxa3 31. Bxb5 Bf6 32. Bc4 Qa7 33. b5 Bg5 34. b6 Qb8 35.
Qxf7+ Kh8 36. b7 h5 37. Qg8+ Qxg8 38. Bxg8 1-0

[Event "*** Titled Tuesday Blitz"]
[Site "Chess.com"]
[Date "2020.12.01"]
[Round "1"]
[White "Anna_ChessMate"]
[Black "marabu44"]
[Result "1-0"]
[WhiteElo "2573"]
[BlackElo "2262"]
[TimeControl "180+1"]
[EndTime "10:07:31 PST"]
[Termination "Anna_ChessMate won by resignation"]

1. d4 d5 2. c4 e6 3. Nf3 c5 4.
cxd5 exd5 5. Nc3 Nc6 6. g3 cxd4 7. Nxd4 Bc5 8. Nxc6 bxc6 9. Bg2 Ne7 10. O-O O-O 11. b3 Be6 12. Bb2 Rc8 13. Rc1 Bd6 14. e4 Be5 15. exd5 cxd5 16. Re1 Bf6 17. Qe2 Qa5 18. Na4 Bxb2 19. Qxb2 Qb4 20. Red1 Rfd8 21.
h4 Rxc1 22. Qxc1 d4 23. Qc7 Rd7 24. Qf4 h6 25. Be4 Nd5 26. Qd2 Qxd2 27. Rxd2 Nf6 28. Bd3 Rd6 29. Nc5 Bg4 30. Bc4 Bf3 31. b4 Ne4 32.
Rd3 Be2 33. Nxe4 Rc6 34. Nc5 Bxd3 35. Bxd3 a5 36. a3 axb4 37. axb4 Kf8 38. Kg2 Ke7 39. Kf3 Rf6+ 40. Ke2 Rb6 41. b5 Kd6 42. Na4 Rb8 43.
b6 Kd5 44. f3 g6 45. b7 f5 46. Ba6 Kc6 47. Kd3 f4 48. g4 Kc7 49. Kxd4 Re8 50. Kc4 Re3 51. Nc5 Rxf3 52. Nd7 Kxd7 53. b8=Q 1-0

[Event "*** Titled Tuesday Blitz"]
[Site "Chess.com"]
[Date "2020.12.01"]
[Round "1"]
[White "Nadtkins"]
[Black "LamaChampetre"]
[Result "0-1"]
[WhiteElo "2526"]
[BlackElo "2235"]
[TimeControl "180+1"]
[EndTime "10:07:31 PST"]
[Termination "LamaChampetre won on time"]

1. e4 c5 2. Be2 g6 3. f4 Nc6 4. Nf3 Bg7 5. O-O Rb8 6. a4 d6 7. c3 h5 8. d4 cxd4 9. cxd4 Bg4 10. e5 Nh6 11. Nc3 Nf5 12. d5 Bxf3 13. Bxf3 Qb6+ 14. Rf2 Ncd4 15. a5 Qd8 16. Qa4+ Kf8 17.
Be4 dxe5 18. a6 b5 19. Qd1 Qb6 20. b4 h4 21. Kf1 Rc8 22. Bd2 Rxc3 23. Bxc3 Ng3+ 24.
hxg3 hxg3 25. Bxd4 exd4 26. Ke2 d3+ 27. Kxd3 Qd4+ 28.
Kc2 Qb2+ 29. Kd3 gxf2 30. Rb1 Qd4+ 31. Kc2 Qxe4+ 32. Kb3 Qc4+ 33. Ka3 Qc3+ 34. Ka2 Qc4+ 35. Ka3 Bd4 36. Rb3 f1=Q 0-1

[Event "*** Titled Tuesday Blitz"]
[Site "Chess.com"]
[Date "2020.12.01"]
[Round "1"]
[White "emiliochess"]
[Black "Gloomy_Wanderer"]
[Result "0-1"]
[WhiteElo "2354"]
[BlackElo "2699"]
[TimeControl "180+1"]
[EndTime "10:07:32 PST"]
[Termination "Gloomy_Wanderer won by checkmate"]

1. d4 Nf6 2. Bf4 e6 3. e3 b6 4.
Nf3 c5 5. c3 Be7 6. Bd3 O-O 7.
Nbd2 cxd4 8. exd4 Ba6 9. Bxa6 Nxa6 10. h3 d6 11. O-O h6 12. Re1 Qd7 13. Rc1 Rfc8 14.
a3 b5 15. Qb3 Nc7 16. Bg3 a6 17. Nf1 Ncd5 18. Ne3 Nb6 19. Rcd1 Bf8 20. Re2 Qc6 21. Nc2 Qc4 22. Qxc4 Nxc4 23. Ne3 Nb6 24. Kh2 a5 25. Nc2 Nfd5 26. Ne3 b4 27. Nxd5 Nxd5 28. cxb4 axb4 29. axb4 Rab8 30. Nd2 Rc2 31. Ree1 Rxb4 32. Ne4 f5 33. Nxd6 f4 34. Rxe6 fxg3+ 35. Kxg3 Rb3+ 36. f3 Rbxb2 37. Rg1 Rxg2+ 38. Rxg2 Rxg2+ 39. Kxg2 Nf4+ 40. Kf2 Nxe6 41. Ne4 Nxd4 42. Ke3 Ne6 43. f4 g6 44. Kf3 Be7 45.
Kg4 h5+ 46. Kf3 Kf7 47. Ng3 Nd4+ 48. Ke4 Bh4 49. Nxh5 Nf5 50. Nf6 Bxf6 51. Kf3 Kg7 52. Kg4 Kh6 53. h4 Bxh4 54. Kh3 Kh5 55. Kg2 Kg4 56.
Kh2 Kxf4 57. Kg2 g5 58. Kh3 g4+ 59. Kg2 Ne3+ 60. Kh2 Kf3 61. Kg1 g3 62. Kh1 g2+ 63. Kh2 Bf2 64. Kh3 Nd5 65. Kh2 g1=Q+ 66. Kh3 Nf4# 0-1

[Event "*** Titled Tuesday Blitz"]
[Site "Chess.com"]
[Date "2020.12.01"]
[Round "1"]
[White "ObidObad"]
[Black "Korchmar_Vasiliy"]
[Result "0-1"]
[WhiteElo "2296"]
[BlackElo "2605"]
[TimeControl "180+1"]
[EndTime "10:07:32 PST"]
[Termination "Korchmar_Vasiliy won by checkmate"]

1. c4 c6 2. Nf3 d5 3. g3 g6 4. Bg2 Bg7 5. O-O e5 6. cxd5 cxd5 7. d3 Ne7 8. Nc3 Nbc6 9. Bg5 f6 10.
Bd2 O-O 11. Rc1 Be6 12. a3 Kh8 13. b4 Qd7 14. b5 Nd8 15. a4 Nf7 16. Qc2 h6 17.
Na2 Rac8 18. Qb1 f5 19. Rxc8 Rxc8 20. Rc1 e4 21. Ne1 Ne5 22. Rxc8+ Qxc8 23. dxe4 dxe4 24. Nb4 Qc4 25. Qc2 Qxe2 26. Bf1 Qh5 27. Qc7 Ng8 28. Bc3 f4 29. gxf4 Qg4+ 30. Kh1 Qxf4 31. Qc5 b6 32. Qe3 Qh4 33. Nc6 Ng4 34. Bxg7+ Kxg7 35. Qd4+ N8f6 36. h3 Nxf2+ 37. Kg2 Bxh3+ 38. Kg1 Qg3+ 39. Ng2 Ng4 40.
Nxa7 Qh2# 0-1